 Dungeon Crawl Stone Soup version 0.31-a0-175-g9f7f995f2b (webtiles) character file.

Game seed: 13333043185689055057

1362 qw the Chopper (level 8, -6/49 HPs)
             Began as a Gargoyle Fighter on June 16, 2023.
             Was a Believer of Okawaru.
             Killed by divine providence
             ... invoked by an orc priest
              (15 damage)
             ... on level 6 of the Dungeon.
             The game lasted 00:03:21 (5366 turns).

qw the Chopper (Gargoyle Fighter)                   Turns: 5366, Time: 00:03:21

Health: -6/49      AC: 19    Str: 24    XL:     8   Next: 64%
Magic:  10/11      EV: 10    Int:  9    God:    Okawaru [**....]
Gold:   269        SH:  5    Dex:  9    Spells: 7/7 levels left

rFire   . . .        Y - +2 war axe (freeze)
rCold   + . .        c - +0 buckler
rNeg    + + .        f - +0 chain mail
rPois   inf          (no helmet)
rElec   +            l - +0 cloak
rCorr   .            (no gloves)
SInv    .            r - +0 pair of boots
Will    .....        a - amulet of the acrobat Stlth
                     m - ring of positive energy
HPRegen 0.28/turn    h - ring "Mupucw" {rC+ Str+2}
MPRegen 0.12/turn

%: acrobat
@: heroic
A: sickness immunity, AC +5, negative energy resistance 1, electricity
resistance, torment resistance 1, petrification resistance
a: Renounce Religion, Heroism


You were on level 6 of the Dungeon.
You worshipped Okawaru.
Okawaru was pleased with you.
You visited 1 branch of the dungeon, and saw 6 of its levels.
You also visited: Sewer and Ossuary.

You collected 269 gold pieces.


Innate Abilities, Weirdness & Mutations

You are immune to sickness and miasma.
Your stone body is resilient. (AC +5)
You are immune to poison.
You resist negative energy. (rN+)
You are resistant to electric shocks. (rElec)
You are resistant to unholy torment.
You are immune to petrification.


   Skills:
 - Level 5.2(10.2) Fighting
 + Level 7.8(12.8) Axes
 - Level 1.2(6.2) Throwing
 - Level 3.2(8.2) Armour
 - Level 1.0(6.0) Dodging
 - Level 3.2(8.2) Shields
 - Level 4.2 Invocations


You had 7 spell levels left.
You didn't know any spells.
Your spell library was empty.

Inventory:

Hand Weapons
 q - a +0 flail
 Y - a +2 war axe of freezing (weapon)
Missiles
 o - 2 boomerangs (quivered)
Armour
 c - a +0 buckler (worn)
 f - a +0 chain mail (worn)
 g - a +2 robe of resistance
 l - a +0 cloak (worn)
 r - a +0 pair of boots (worn)
Jewellery
 a - an amulet of the acrobat (around neck)
 h - the ring "Mupucw" (right hand) {rC+ Str+2}
   (You acquired it on level 5 of the Dungeon)

   [ring of protection from cold]

   Str:       It affects your strength (+2).
   rC:        It protects you from cold.
 m - a ring of positive energy (left hand)
Scrolls
 b - 6 scrolls of teleportation
 p - a scroll of identify
Potions
 d - 2 potions of might
 e - a potion of haste
 j - a potion of lignification {unknown}
 k - 2 potions of curing
 n - a potion of attraction {unknown}

Dungeon Overview and Level Annotations

Branches:
Dungeon (6/15)              Sewer (visited)         Ossuary (visited)
 Temple: D:4-7

Altars:
Ashenzari
Elyvilon
Fedhas
Kikubaaqudgha
Okawaru
Ru
Sif Muna
Uskayaw
Vehumet
Wu Jian
Yredelemnul


Message History

The white imp is almost dead.
You hit something. You hit the orc. You freeze the orc.
The white imp gestures at you. The puff of frost misses you.
The puff of frost hits something.
Something hits you! Something bites you. You block the orc's attack.
You hit the white imp.
You kill the white imp!
Okawaru accepts your kill.
You hit the orc. You freeze the orc.
You kill the orc!
You slash the orc! You freeze the orc.
You kill the orc!
Okawaru accepts your kill.
You hit something but do no damage. Something hits you.
Something bites you but does no damage.
You hit the orc. You freeze the orc.
The orc is moderately wounded.
You slash the orc! You freeze the orc.
You kill the orc!
Okawaru accepts your kill.
You hit something but do no damage. Something hits you but does no damage.
Something bites you but does no damage. The orc barely misses you.
You hit the orc but do no damage.
The orc is lightly wounded.
You hit something but do no damage. You hit the orc. You freeze the orc.
You kill the orc!
Okawaru accepts your kill.
You closely miss the orc priest. Something hits you. Something bites you.
The orc completely misses you.
The orc priest calls down the wrath of Beogh upon you.
Beogh smites you!
You hit the orc but do no damage.
The orc is lightly wounded.
You completely miss the orc priest. You barely miss something.
Something hits you but does no damage. Something bites you!
The orc barely misses you.
The orc priest calls down the wrath of Beogh upon you.
Beogh smites you!
You die...

####._..}......
.#............#
..!...._..._..## .
...$....._.....#..
..................
#...)........
#.<).).......
##...{..#####
###o@..# #..Wo)##
#.........
.............
...#....?..<...
...##.......... ..
##.........
#.........


You could see a phantom, an orc priest and an orc.

Vanquished Creatures
  Eustachio (D:3)
  A phantom (D:4)
  Blork the orc (D:4)
  A scorpion (D:5)
  2 bullfrogs
  5 water moccasin zombies (Ossuary)
  2 jellies (D:5)
  An orc priest (D:6)
  A hound (D:4)
  Jessica (D:2)
  Terence (D:3)
  2 orc wizards (D:5)
  2 mummies (Ossuary)
  4 gnolls
  9 adders
  2 river rats (D:4)
  2 white imps (D:6)
  6 adder zombies (Ossuary)
  2 worms
  2 dart slugs (D:1)
  21 orcs
  15 ball pythons
  6 bats
  21 endoplasms
  15 giant cockroaches
  2 gnoll zombies (Ossuary)
  2 goblins
  4 hobgoblins
  4 jackals (D:1)
  5 quokkas
  12 frilled lizards
  2 hobgoblin zombies (Ossuary)
  9 kobolds
  5 kobold zombies (Ossuary)
  4 orc zombies (Ossuary)
  9 rats
184 creatures vanquished.

Notes
Turn   | Place    | Note
-------+----------+-------------------------------------------
     0 | D:1      | qw the Gargoyle Fighter began the quest for the Orb.
     0 | D:1      | Reached XP level 1. HP: 14/14 MP: 1/1
     0 | D:1      | 0 ||| qw: Version: 0.2-a-29-g511e9b1
     0 | D:1      | 0 ||| qw: Game counter: 5824
     0 | D:1      | 0 ||| qw: Always use a shield: true
     0 | D:1      | 0 ||| qw: God list: Okawaru
     0 | D:1      | 0 ||| qw: Allow faded altars: false
     0 | D:1      | 0 ||| qw: Do Orc after D:15 true
     0 | D:1      | 0 ||| qw: Do second Lair branch before Depths: true
     0 | D:1      | 0 ||| qw: Lair rune preference: random
     0 | D:1      | 0 ||| qw: Plans: Normal, Zot:1-4, Slime:5, God:TSO, Crypt,
                  | Tomb, Abyss, Pan, Hells, Win
     0 | D:1      | 0 ||| PLANNING D:1-11
    27 | D:1      | Reached skill level 2 in Axes
   175 | D:1      | Reached XP level 2. HP: 19/19 MP: 2/2
   298 | D:1      | 298 ||| Stepping ~*~*~tactically~*~*~ (stealth).
   305 | D:1      | Reached skill level 3 in Axes
   309 | D:1      | Reached XP level 3. HP: 23/23 MP: 3/3
   424 | D:1      | 424 ||| Stepping ~*~*~tactically~*~*~ (hiding).
   649 | D:1      | Found a faded altar of an unknown god.
   987 | D:1      | 987 ||| UPGRADING to +0 chain mail.
   997 | D:1      | 997 ||| DROPPING +0 scale mail.
   998 | D:1      | 998 ||| READING scroll labelled WILITY XESUCA.
   999 | D:1      | 999 ||| READING scroll labelled KESUQU APIF.
  1000 | D:1      | 1000 ||| READING scroll labelled BIPSOW KUVAAW.
  1052 | D:2      | 1052 ||| STAIRDANCE
  1063 | D:1      | 1063 ||| UPGRADING to amulet of the acrobat.
  1075 | D:2      | 1075 ||| Stepping ~*~*~tactically~*~*~ (stealth).
  1224 | D:2      | Reached XP level 4. HP: 22/28 MP: 4/4
  1415 | D:2      | 1415 ||| DROPPING +0 club.
  1428 | D:2      | Noticed Jessica
  1429 | D:2      | 1429 ||| Stepping ~*~*~tactically~*~*~ (hiding).
  1436 | D:2      | Killed Jessica
  1437 | D:2      | Reached skill level 4 in Axes
  1491 | D:2      | 1491 ||| Stepping ~*~*~tactically~*~*~ (stealth).
  1505 | D:2      | Found a white marble altar of Elyvilon.
  1821 | D:2      | 1821 ||| UPGRADING to +0 cloak.
  1826 | D:2      | 1826 ||| DROPPING ring of magical power.
  1827 | D:2      | 1827 ||| READING 2 scrolls labelled ZILUORCHU WOS.
  1831 | D:2      | 1831 ||| READING 3 scrolls labelled SYOXEVA RASUGEYLI.
  1832 | D:2      | 1832 ||| READING scroll labelled HYTEJA VOHEAM.
  1851 | D:2      | 1851 ||| DROPPING 2 scrolls of poison.
  1917 | D:3      | 1917 ||| Stepping ~*~*~tactically~*~*~ (stealth).
  1918 | D:3      | 1918 ||| Stepping ~*~*~tactically~*~*~ (stealth).
  1998 | D:3      | 1998 ||| Stepping ~*~*~tactically~*~*~ (stealth).
  2003 | D:3      | 2003 ||| Stepping ~*~*~tactically~*~*~ (stealth).
  2153 | D:3      | Reached XP level 5. HP: 32/32 MP: 5/5
  2205 | D:3      | Noticed Terence
  2221 | D:3      | Killed Terence
  2228 | D:3      | 2228 ||| DROPPING +0 mace.
  2360 | D:3      | Found an iron altar of Okawaru.
  2361 | D:3      | 2361 ||| PLANNING OKAWARU WORSHIP
  2361 | D:3      | 2361 ||| READING scroll labelled CUDDEY ID SIL.
  2414 | D:3      | Became a worshipper of Warmaster Okawaru
  2415 | D:3      | 2415 ||| PLANNING D:1-11
  2463 | D:3      | 2463 ||| Stepping ~*~*~tactically~*~*~ (stealth).
  2466 | D:3      | 2466 ||| Stepping ~*~*~tactically~*~*~ (stealth).
  2467 | D:3      | 2467 ||| Stepping ~*~*~tactically~*~*~ (stealth).
  2715 | D:3      | 2715 ||| READING scroll labelled QEASTR NONG.
  2865 | D:4      | 2865 ||| PLANNING SEWER
  2909 | D:4      | Noticed Eustachio
  2923 | D:4      | Reached skill level 5 in Axes
  2955 | D:4      | 2955 ||| FLEEEEING.
  2956 | D:4      | 2956 ||| FLEEEEING.
  2957 | D:4      | 2957 ||| FLEEEEING.
  2964 | D:4      | 2964 ||| FLEEEEING.
  2965 | D:4      | 2965 ||| FLEEEEING.
  2966 | D:4      | 2966 ||| FLEEEEING.
  2967 | D:4      | 2967 ||| FLEEEEING.
  2968 | D:4      | 2968 ||| FLEEEEING.
  2969 | D:4      | 2969 ||| FLEEEEING.
  2970 | D:4      | 2970 ||| FLEEEEING.
  2971 | D:4      | 2971 ||| FLEEEEING.
  2972 | D:4      | 2972 ||| FLEEEEING.
  2983 | D:4      | 2983 ||| FLEEEEING.
  2984 | D:4      | 2984 ||| FLEEEEING.
  2985 | D:4      | 2985 ||| FLEEEEING.
  2987 | D:4      | 2987 ||| STAIRDANCE
  3018 | D:3      | 3018 ||| UPGRADING to ring of positive energy.
  3022 | D:4      | 3022 ||| STAIRDANCE
  3047 | D:4      | 3047 ||| STAIRDANCE
  3050 | D:3      | 3050 ||| FLEEEEING.
  3051 | D:3      | 3051 ||| FLEEEEING.
  3054 | D:3      | 3054 ||| FLEEEEING.
  3055 | D:3      | 3055 ||| FLEEEEING.
  3057 | D:3      | 3057 ||| FLEEEEING.
  3059 | D:3      | 3059 ||| FLEEEEING.
  3063 | D:3      | 3063 ||| STAIRDANCE
  3093 | D:3      | Killed Eustachio
  3094 | D:3      | Reached XP level 6. HP: 40/40 MP: 6/6
  3109 | D:4      | Noticed Blork the orc
  3118 | D:4      | Killed Blork the orc
  3118 | D:4      | Reached * piety under Okawaru
  3212 | D:4      | Reached skill level 1 in Invocations
  3212 | D:4      | Reached XP level 7. HP: 41/44 MP: 7/7
  3224 | D:4      | Found a glowing drain.
  3261 | Sewer    | Entered a sewer
  3303 | Sewer    | 3303 ||| Stepping ~*~*~tactically~*~*~ (water).
  3357 | Sewer    | 3357 ||| Stepping ~*~*~tactically~*~*~ (water).
  3379 | Sewer    | 3379 ||| Stepping ~*~*~tactically~*~*~ (water).
  3397 | Sewer    | 3397 ||| Stepping ~*~*~tactically~*~*~ (water).
  3443 | Sewer    | 3443 ||| Stepping ~*~*~tactically~*~*~ (water).
  3478 | Sewer    | 3478 ||| Stepping ~*~*~tactically~*~*~ (water).
  3536 | Sewer    | 3536 ||| Stepping ~*~*~tactically~*~*~ (water).
  3564 | Sewer    | 3564 ||| Stepping ~*~*~tactically~*~*~ (water).
  3586 | Sewer    | 3586 ||| Stepping ~*~*~tactically~*~*~ (water).
  3630 | Sewer    | 3630 ||| DRINKING 2 emerald potions.
  3645 | D:4      | 3645 ||| PLANNING D:1-11
  3653 | D:4      | 3653 ||| DROPPING +0 mace of protection.
  3690 | D:4      | 3690 ||| Stepping ~*~*~tactically~*~*~ (stealth).
  3754 | D:4      | Found an ornate altar of the Wu Jian Council.
  3894 | D:4      | Found a basalt altar of Yredelemnul.
  4122 | D:4      | 4122 ||| INVOKING Heroism.
  4128 | D:4      | Reached skill level 6 in Axes
  4128 | D:4      | Reached skill level 3 in Invocations
  4230 | D:4      | 4230 ||| UPGRADING to +0 pair of boots.
  4235 | D:4      | 4235 ||| READING 3 scrolls of identify.
  4235 | D:4      | 4235 ||| IDENTIFYING murky brown potion
  4236 | D:4      | 4236 ||| READING 2 scrolls of identify.
  4236 | D:4      | 4236 ||| IDENTIFYING brown potion
  4237 | D:4      | 4237 ||| DROPPING potion of brilliance.
  4264 | D:5      | Entered Level 5 of the Dungeon
  4265 | D:5      | 4265 ||| PLANNING OSSUARY
  4333 | D:5      | 4333 ||| INVOKING Heroism.
  4338 | D:5      | Reached skill level 1 in Dodging
  4392 | D:5      | 4392 ||| UPGRADING to +2 war axe of freezing.
  4393 | D:5      | 4393 ||| DROPPING +0 war axe.
  4523 | D:5      | Found a hide-covered altar of Uskayaw.
  4691 | D:5      | Reached ** piety under Okawaru
  4692 | D:5      | Reached XP level 8. HP: 39/49 MP: 9/11
  4788 | D:5      | Found a sand-covered staircase.
  4789 | D:5      | 4789 ||| READING scroll labelled VOALIUXANAI.
  4790 | D:5      | 4790 ||| READING scroll labelled NER YL GOM.
  4790 | D:5      | Identified a scroll of acquirement
  4790 | D:5      | 4790 ||| ACQUIRING ring "Mupucw" {rC+ Str+2}
  4790 | D:5      | Acquired the ring "Mupucw" {rC+ Str+2}
  4792 | D:5      | 4792 ||| UPGRADING to ring "Mupucw" {rC+ Str+2}.
  4793 | D:5      | 4793 ||| READING scroll labelled PISIWA GAHEKOTH.
  4799 | Ossuary  | Entered an ossuary
  4897 | Ossuary  | Reached skill level 7 in Axes
  4909 | Ossuary  | Reached skill level 1 in Throwing
  4976 | Ossuary  | 4976 ||| DRINKING 2 coppery potions.
  4977 | Ossuary  | 4977 ||| READING 2 scrolls of identify.
  4977 | Ossuary  | 4977 ||| IDENTIFYING ruby potion
  4978 | Ossuary  | 4978 ||| DROPPING potion of enlightenment.
  4979 | Ossuary  | 4979 ||| DROPPING potion of invisibility.
  4987 | D:5      | 4987 ||| PLANNING D:1-11
  5072 | D:5      | 5072 ||| INVOKING Heroism.
  5232 | D:5      | 5232 ||| Stepping ~*~*~tactically~*~*~ (stealth).
  5234 | D:5      | 5234 ||| Stepping ~*~*~tactically~*~*~ (stealth).
  5236 | D:5      | 5236 ||| INVOKING Heroism.
  5320 | D:6      | Found a broken altar of Ashenzari.
  5320 | D:6      | Found an ancient bone altar of Kikubaaqudgha.
  5320 | D:6      | Found a radiant altar of Vehumet.
  5320 | D:6      | Found a shimmering blue altar of Sif Muna.
  5321 | D:6      | Found a sacrificial altar of Ru.
  5321 | D:6      | Found a blossoming altar of Fedhas.
  5342 | D:6      | 5342 ||| Stepping ~*~*~tactically~*~*~ (stealth).
  5346 | D:6      | 5346 ||| Stepping ~*~*~tactically~*~*~ (hiding).
  5348 | D:6      | Noticed a vampire
  5348 | D:6      | 5348 ||| Stepping ~*~*~tactically~*~*~ (stealth).
  5349 | D:6      | 5349 ||| INVOKING Heroism.
  5366 | D:6      | HP: 9/49 [something (10)]
  5366 | D:6      | Killed from afar by an orc priest

Levels and vault maps discovered:
D:1:      reono_arrival_mine, layout_basic, basic_ecumenical_altar
D:2:      layout_basic, basic_altar, minmay_distorted, uniq_jessica
D:3:      layout_loops_cross, okawaru_trees_2, minivault_26,
          kennysheep_cluttered_room, uniq_terence
D:4:      layout_loops_ring, mainiacjoe_overflow_swirl, portal_sewer_entry_a,
          uniq_blork_the_orc, uniq_eustachio
D:5:      layout_cave_pods, nicolae_overflow_crystal_walls,
          nicolae_ossuary_entry_plus
D:6:      layout_cave_pools, grunt_temple_overflow_open, temple_fountains

Skill      XL: |  1  2  3  4  5  6  7  8 |
---------------+-------------------------+-----
Axes           | 2 3 4 5 6 7 |  7.8
Fighting       | 5 |  5.2
Invocations    | 1 4 |  4.2
Dodging        | 1 |  1.0
Throwing       | 1 |  1.2
Armour         | |  3.2
Shields        | |  3.2

Action                     |  1- 3 |  4- 6 |  7- 9 || total
---------------------------+-------+-------+-------++-------
  Melee: War axe           |   107 |   159 |   288 ||   554
  Throw: Boomerang         |       |       |    41 ||    41
 Invoke: Heroism           |       |       |     5 ||     5
    Use: Scroll            |     3 |     5 |     6 ||    14
         Potion            |       |       |     2 ||     2
 Armour: Scale mail        |    26 |       |       ||    26
         Chain mail        |    32 |    87 |   161 ||   280
  Dodge: Dodged            |    57 |    80 |   116 ||   253
  Block: Buckler           |    21 |    23 |    54 ||    98

Table legend:
 A = Non-vault XP
 B = Vault XP
 C = Vault XP percentage of total XP
 D = Non-vault monster count
 E = Vault monster count
 F = Vault count percentage of total count
                 A         B        C        D         E       F
            +---------+---------+-------+---------+---------+-------
      Total |     859 |    1088 |  55.9 |     102 |      82 |  44.6
            +---------+---------+-------+---------+---------+-------
        D:1 |      64 |       0 |   0.0 |      26 |       0 |   0.0
        D:2 |      43 |      38 |  46.9 |      17 |       2 |  10.5
        D:3 |      44 |     253 |  85.2 |      15 |       2 |  11.8
        D:4 |     200 |     124 |  38.3 |      15 |       8 |  34.8
        D:5 |     404 |       0 |   0.0 |      15 |       0 |   0.0
        D:6 |     104 |       0 |   0.0 |      14 |       0 |   0.0
      Sewer |       0 |     188 | 100.0 |       0 |      44 | 100.0
    Ossuary |       0 |     485 | 100.0 |       0 |      26 | 100.0
            +---------+---------+-------+---------+---------+-------
